 Dungeon Crawl Stone Soup version 0.16-a0-3661-g910cf96 (webtiles) character file.

9 Bloax the Insei (level 2, -2/16 HPs)
             Began as a Tengu Transmuter on Jan 17, 2015.
             Slain by a kobold
             ... wielding a +0 short sword
              (8 damage)
             ... on level 1 of the Dungeon.
             The game lasted 00:00:39 (183 turns).

Bloax the Insei (Tengu Transmuter)                   Turns: 183, Time: 00:00:40

Health: -2/16      AC:  2    Str: 10    XL:     2   Next: 12%
Magic:  5/5        EV: 13    Int: 13    God:
Gold:   8          SH:  0    Dex: 14    Spells: 1 memorised, 4 levels left

rFire  . . .     SeeInvis .       - Unarmed
rCold  . . .     Clarity  .     c - +0 robe
rNeg   . . .     SustAb   .     (no shield)
rPois  .         Gourm    .     (helmet restricted)
rElec  .         Spirit   .     (no cloak)
rCorr  .         Warding  .     (no gloves)
rMut   .         Stasis   .     (boots unavailable)
MR     .....                    (no amulet)
Stlth  +.........               (no ring)
                                (no ring)

@: not resistant to hostile enchantments, very unstealthy
A: beak, talons 3
a: no special abilities


You were on level 1 of the Dungeon.
You were not hungry.

You visited 1 branch of the dungeon, and saw 1 of its levels.

You collected 8 gold pieces.


Innate Abilities, Weirdness & Mutations

You have a beak for a mouth.
You have claws for feet.


   Skills:
 + Level 1.4 Fighting
 - Level 2.4 Dodging
 + Level 3.5 Unarmed Combat
 - Level 2.0 Spellcasting
 - Level 1.5 Transmutations


You had 4 spell levels left.
You knew the following spells:

 Your Spells              Type           Power        Failure   Level  Hunger
a - Beastly Appendage     Trmt           #.....       14%         1    ##.....


Dungeon Overview and Level Annotations

Branches:
Dungeon (1/15)

Altars:

Inventory:

Missiles
 b - 12 arrows
Armour
 c - a +0 robe (worn)
Books
 d - a book of Changes

   Spells                             Type                      Level
   a - Beastly Appendage              Transmutation                1
   b - Sticks to Snakes               Transmutation                2
   c - Spider Form                    Transmutation/Poison         3
   d - Ice Form                       Ice/Transmutation            4
   e - Blade Hands                    Transmutation                5
Comestibles
 a - a bread ration

### ... #.# ... #.#
#K# #@# #
########+#######.#.#
...................#
~...##+##........^.#
~7# #~~~#.#.####.#.#
P.. +~~~'...# #.#.#
.####~~~##..# #.#.#
....##'###..# ..# #
.......# #..# ..#


You could see a kobold.


Message History

You kill the jackal!
Things that are here:
a jackal corpse x2
No target in view!
No target in view!
Sorry, I don't know how to get there.
Unknown command.
Found a chain mail.
A goblin comes into view.
The goblin shouts!
You see here a chain mail.
e - a chain mail The goblin closely misses you.
A kobold comes into view.
You miss the goblin. You claw the goblin.
The goblin is severely wounded.
You hit the goblin.
You kill the goblin!
You have reached level 2!
You see here a goblin corpse.
You hit the kobold but do no damage. You peck the kobold, but do no damage.
The kobold closely misses you.
You closely miss the kobold. The kobold hits you.
You hit the kobold but do no damage. The kobold hits you.
You barely miss the kobold. You claw the kobold.
You kill the kobold!
No target in view!
You see here a kobold corpse.
No target in view!
You enter the shallow water.
Moving in this stuff is going to be slow.
You drop a chain mail.
You open the door.
There is an open door here.
You enter the shallow water.
Moving in this stuff is going to be slow.
You open the door.
Found 8 gold pieces.
There is an open door here.
You now have 8 gold pieces.
A hobgoblin comes into view.
The hobgoblin shouts!
A kobold comes into view. It is wielding a short sword.
The hobgoblin misses you.
You hit the hobgoblin.
The hobgoblin is almost dead.
The hobgoblin closely misses you.
You barely miss the hobgoblin.
You claw the hobgoblin, but do no damage.
The hobgoblin is almost dead.
The hobgoblin completely misses you.
You hit the hobgoblin.
You kill the hobgoblin!
You barely miss the kobold. You claw the kobold.
The kobold is heavily wounded.
The kobold misses you.
You hit the kobold but do no damage.
The kobold is heavily wounded.
The kobold hits you with a short sword.
* * * LOW HITPOINT WARNING * * *
You hit the kobold but do no damage.
The kobold is heavily wounded.
You barely miss the kobold.
The kobold is heavily wounded.
The kobold barely misses you.
You hit the kobold.
The kobold is almost dead.
The kobold hits you with a short sword!
Ouch! That really hurt!
You die...

Action                   || total
-------------------------++-------
Melee: Unarmed           ||    28

Vault maps used:
D:1:      tarquinn_simple_flora_water_a, serial_bayou_ford_a, minmay_liquid_box

Notes
Turn   | Place    | Note
--------------------------------------------------------------
     0 | D:1      | Bloax, the Tengu Transmuter, began the quest for the Orb.
     0 | D:1      | Reached XP level 1. HP: 12/12 MP: 3/3
   133 | D:1      | Reached XP level 2. HP: 10/16 MP: 5/5
   183 | D:1      | Slain by a kobold

Vanquished Creatures
  A goblin (D:1)
  A hobgoblin (D:1)
  4 jackals (D:1)
  A kobold (D:1)
7 creatures vanquished.
